 Dungeon Crawl Stone Soup version 0.30-a0-219-gf2db51d15e (webtiles) character file.

Game seed: 17002051561468833505

1241 Bnni the Shooter (level 8, -1/64 HPs)
             Began as a Formicid Hunter on Oct 6, 2022.
             Was an Initiate of Ru.
             Slain by an ogre
             ... wielding a +0 giant club
              (26 damage)
             ... on level 5 of the Dungeon.
             The game lasted 00:13:00 (4964 turns).

Bnni the Shooter (Formicid Hunter)                  Turns: 4964, Time: 00:13:00

Health: -1/64      AC: 18    Str: 17    XL:     8   Next: 78%
Magic:  8/8        EV:  5    Int:  8    God:    Ru [......]
Gold:   458        SH:  0    Dex: 19    Spells: 7/7 levels left

rFire   . . .      SeeInvis +    y - +11 plutonium sword {Contam Stlth-}
rCold   . . .      Faith    .    (no shield)
rNeg    . . .      Spirit   .    e - +1 crystal plate armour
rPois   .          Reflect  .    (helmet unavailable)
rElec   .          Harm     .    r - +0 cloak
rCorr   +          Rampage  .    (no gloves)
Will    .....                    (no boots)
Stlth   ..........               o - amulet of magic regeneration
HPRegen 0.30/turn                l - ring of resist corrosion
MPRegen 0.51/turn                s - +4 ring of evasion

@: no status effects
A: permanent stasis, dig shafts and tunnels, antennae 3, four strong arms
a: Dig, Shaft Self, Renounce Religion


You were on level 5 of the Dungeon.
You worshipped Ru.
Ru was noncommittal.
You visited 2 branches of the dungeon, and saw 6 of its levels.

You collected 458 gold pieces.

Inventory:

Hand Weapons
 a - a +0 shortbow
 y - the +11 plutonium sword (weapon) {Contam Stlth-}
   (You took it off an orc on level 4 of the Dungeon)

   It occasionally inflicts wild transmutation effects on those it strikes,
   inflicting malmutation or extra damage, or polymorphing them into a new form.
   Contam:    It causes magical contamination when unequipped.
   Stlth:     It makes you less stealthy.
Armour
 e - a +1 crystal plate armour (worn)
 r - a +0 cloak (worn)
 z - a +0 chain mail
Jewellery
 l - a ring of resist corrosion (left hand)
 o - an amulet of magic regeneration (around neck)
 s - a +4 ring of evasion (right hand)
 t - a ring of flight
Wands
 n - a wand of charming (4)
Scrolls
 b - a scroll of immolation
 g - a scroll of summoning {unknown}
 h - a scroll of brand weapon {unknown}
 i - a scroll of teleportation {unknown}
 p - 6 scrolls of identify {unknown}
 q - a scroll of blinking {unknown}
 u - a scroll of poison {unknown}
Potions
 c - a potion of berserk rage
 d - 4 potions of curing
 f - 2 potions of magic {unknown}
 j - 2 potions of heal wounds {unknown}
 k - a potion of flight {unknown}
 m - a potion of degeneration {unknown}
 v - a potion of brilliance {unknown}
 w - a potion of haste {unknown}
Miscellaneous
 x - a box of beasts (inert)
 A - a condenser vane


   Skills:
 + Level 6.3 Fighting
 * Level 4.8 Long Blades
 - Level 7.1 Ranged Weapons
 + Level 3.1 Armour
 - Level 1.7 Dodging
 - Level 1.2 Stealth


You had 7 spell levels left.
You didn't know any spells.
Your spell library contained the following spells:

 Spells                   Type           Power      Damage    Failure   Level
 Cigotuvi's Dreadful Rot  Necr/Pois/Air  0%         N/A       100%        2
 Poisonous Vapours        Pois/Air       0%         N/A       100%        2
 Sublimation of Blood     Necr           0%         N/A       100%        2
 Mephitic Cloud           Conj/Pois/Air  0%         N/A       100%        3
 Petrify                  Tmut/Erth      0%         N/A       100%        4
 Irradiate                Conj/Tmut      0%         3d11      100%        5


Dungeon Overview and Level Annotations

Branches:
Dungeon (5/15)             Temple (1/1) D:5

Altars:
Ashenzari
Cheibriados
Dithmenos
Fedhas
Gozag
Kikubaaqudgha
Nemelex Xobeh
Okawaru
Qazlal
Ru
Sif Muna
Uskayaw
Vehumet

Annotations:
D:4 2 runed translucent doors


Innate Abilities, Weirdness & Mutations

You cannot be hasted, slowed, berserked, paralysed or teleported.
You can dig through walls and to a lower floor.
You have a pair of large antennae on your head. (SInv)
Your four strong arms can wield two-handed weapons with a shield.


Message History

There is an iron altar of Okawaru here.
Found a radiant altar of Vehumet.
Found an ancient bone altar of Kikubaaqudgha.
There is a hide-covered altar of Uskayaw here.
Found a stormy altar of Qazlal.
There is an ancient bone altar of Kikubaaqudgha here.
Found a sacrificial altar of Ru and an opulent altar of Gozag.
Done exploring.
There is a sacrificial altar of Ru here.
You kneel at the altar of Ru.
You kneel at the altar of Ru.
Ru welcomes you!
There is a sparkling altar of Nemelex Xobeh here.
There is a blossoming altar of Fedhas here.
There is a staircase back to the Dungeon here.
Okay, then.
You climb upwards.
Welcome back to the Dungeon!
There is a staircase to the Ecumenical Temple here.
You enter the shallow water.
Moving in this stuff is going to be slow.
You now have 458 gold pieces (gained 19).
You enter the shallow water.
Moving in this stuff is going to be slow.
You pick up a book of Vapours and begin reading...
You add the spells Poisonous Vapours, Cigotuvi's Dreadful Rot and Mephitic Cloud to your library.
You sense a monster nearby.
An ogre comes into view. It is wielding a +0 giant club.
Found 5 poisoned darts.
The ogre shouts!
The ogre hits you with a +0 giant club!!
You slash the ogre!
The ogre is moderately wounded.
The ogre hits you with a +0 giant club!!
You are too injured to fight recklessly!
You are too injured to fight recklessly!
Okay, then.
You slash the ogre!
The ogre is severely wounded.
The ogre hits you with a +0 giant club!!
You die...

#########.##.#.#.#
..........##.#.#.#
########..##.#.#.#
### #..##.#...#
.)# #..##.#####
#.# #..##.#...#
#.######..##.#.#.#
...>......##.#.#.#
.#..####.###.#.#@#
#.#.## #.# #...#O#
##...###.# #####.#
.........# #.#
##...###.# #.#
##.## #.# #.# #.#
#.# #.# #.# #.#
..# #.# #.#


You could see an ogre.

Vanquished Creatures
  A black bear (D:5)
  An ogre (D:5)
  A phantom (D:4)
  A bullfrog (D:4)
  A necrophage (D:5)
  A scorpion (D:5)
  A killer bee (D:4)
  2 jellies (D:5)
  An orc priest (D:3)
  Jessica (D:2)
  Natasha (thrice) (D:2)
  6 iguanas
  5 orc wizards
  A mummy (D:3)
  4 adders
  9 gnolls
  5 worms
  2 dart slugs
  30 orcs
  7 ball pythons
  15 endoplasms
  5 giant cockroaches
  7 goblins
  6 hobgoblins
  13 kobolds
  3 quokkas (D:2)
  6 bats
  3 frilled lizards
  A rat (D:2)
142 creatures vanquished.

Vanquished Creatures (collateral kills)
  An orc (D:4)
1 creature vanquished.

Vanquished Creatures (others)
  4 toadstools (D:5)
4 creatures vanquished.

Grand Total: 147 creatures vanquished

Notes
Turn   | Place    | Note
-------+----------+-------------------------------------------
     0 | D:1      | Bnni the Formicid Hunter began the quest for the Orb.
     0 | D:1      | Reached XP level 1. HP: 16/16 MP: 1/1
   130 | D:1      | Reached XP level 2. HP: 23/23 MP: 2/2
   519 | D:1      | Reached XP level 3. HP: 28/28 MP: 3/3
  1218 | D:2      | Reached XP level 4. HP: 35/35 MP: 4/4
  1303 | D:2      | Reached skill level 5 in Ranged Weapons
  1411 | D:2      | Noticed Natasha
  1418 | D:2      | Killed Natasha
  1534 | D:2      | Found a faded altar of an unknown god.
  1569 | D:2      | Noticed Jessica
  1572 | D:2      | Killed Jessica
  1573 | D:2      | Reached XP level 5. HP: 41/41 MP: 5/5
  1685 | D:2      | Noticed Natasha
  1695 | D:2      | Killed Natasha
  1740 | D:2      | Noticed Natasha
  1744 | D:2      | Killed Natasha
  2194 | D:3      | Reached skill level 6 in Ranged Weapons
  2194 | D:3      | Reached XP level 6. HP: 23/48 MP: 6/6
  2412 | D:3      | Found a broken altar of Ashenzari.
  2641 | D:3      | Found a snail-covered altar of Cheibriados.
  2844 | D:4      | Found a large runed translucent door.
  2844 | D:4      | Found a large runed translucent door.
  3104 | D:4      | Found a large runed translucent door.
  3105 | D:4      | Found a large runed translucent door.
  3209 | D:4      | Reached XP level 7. HP: 55/55 MP: 7/7
  3216 | D:4      | Reached skill level 7 in Ranged Weapons
  3376 | D:4      | Reached skill level 5 in Fighting
  3376 | D:4      | Reached skill level 1 in Long Blades
  3804 | D:5      | Entered Level 5 of the Dungeon
  3904 | D:5      | Reached skill level 1 in Armour
  3904 | D:5      | Reached XP level 8. HP: 19/63 MP: 8/8
  4800 | D:5      | Found a staircase to the Ecumenical Temple.
  4818 | Temple   | Entered the Ecumenical Temple
  4861 | Temple   | Became a worshipper of Ru the Awakened
  4964 | D:5      | Slain by an ogre

Illustrated notes

Levels and vault maps discovered:
D:1:      reono_arrival_forest_river, layout_basic, minmay_fountain_box
D:2:      minmay_diamond_boxcup, layout_basic,
          ebering_ecumenical_altar_sacrificial, hex_tiny, uniq_natasha,
          uniq_jessica
D:3:      layout_basic, cheibrodos_ashenzari_chains, slow_altar_2
D:4:      layout_basic, minmay_hollow_rounded_squares
D:5:      kennysheep_spiral_hall, layout_loops_ring, minmay_temple_entry_mist,
          roderic_serpentine_path, grunt_ministairs_2, minmay_gold_behind_fungi,
          kennysheep_nondescript, minmay_misc_feat_alley
Temple:   nicolae_temple_ecumenical_triangle

Skill      XL: |  1  2  3  4  5  6  7  8 |
---------------+-------------------------+-----
Fighting       | 3 4 5 6 |  6.3
Ranged Weapons | 5 6 7 |  7.1
Long Blades    | 3 4 |  4.8
Armour         | 1 3 |  3.1
Dodging        | |  1.7
Stealth        | |  1.2

Action                   |  1- 3 |  4- 6 |  7- 9 || total
-------------------------+-------+-------+-------++-------
Melee: Triple sword      |       |       |   110 ||   110
       Punch             |       |       |     1 ||     1
 Fire: Shortbow          |    73 |   171 |     7 ||   251
 Abil: Dig               |       |     4 |       ||     4
Evoke: Box of beasts     |       |     1 |       ||     1
  Use: Scroll            |       |     2 |       ||     2
Armor: Leather armour    |     4 |     1 |       ||     5
       Ring mail         |       |    19 |     1 ||    20
       Crystal plate arm |       |       |   125 ||   125
       Chain mail        |       |       |    12 ||    12
Dodge: Dodged            |     9 |    46 |    50 ||   105

Table legend: (Time is in decaauts)
 A = Elapsed time spent in this place.
 B = Non-inter-level travel time spent in this place.
 C = Inter-level travel time spent in this place.
 D = Time resting spent in this place.
 E = Time spent auto-exploring this place.
 F = Levels seen in this place.
 G = Mean time per level.
                   A        B        C        D        E       F      G
               +--------+--------+--------+--------+--------+-----+--------+
         Total |   5121 |   5051 |     70 |    565 |   3493 |   6 |  853.5 |
       Dungeon |   5064 |   5004 |     60 |    565 |   3475 |   5 | 1012.8 |
        Temple |     56 |     46 |     10 |      0 |     18 |   1 |   56.0 |
               +--------+--------+--------+--------+--------+-----+--------+

Top non-repeatable levels by time:
     D:2: 1200 daAuts
     D:4: 1155 daAuts
     D:5: 1103 daAuts
     D:1: 1029 daAuts
     D:3: 575 daAuts
  Temple: 56 daAuts
